AoeStats
← Lord_Wilfredo

Arena

509589927Analyzed
4v4 RM · 4d ago on Sep 27, 2026· 54m 50s· 8 players
Game mode
Random Map
Map size
Large (8 player)
Population
200
Speed
Normal
Resources
Standard
Victory
Conquest
Starting age
Dark Age
Ending age
Imperial Age
RankedLock teamsTeams togetherTeam positionsShared explorationLock speedFull tech treeHidden civsTurbo modeCheats
Victory
Defeat
🇷🇺 Poles · Russia
1298
+15
🇳🇱 Lithuanians · Netherlands
1286
+15
🇹🇷 Malay · Türkiye
1280
+15
🇷🇺 Britons · Russia
1200
+19
🇻🇳 Varangians · Vietnam
1314
-18
🇦🇷 Franks · Argentina
1297
-17
🇹🇼 Italians · Taiwan
1261
-16
🇹🇼 Huns · Taiwan
1192
-13
RifRaf
10:57 Feudal Age
10:22 Loom
16:26 Castle Age
14:46 Double-Bit Axe
16:36 Bow Saw
17:19 Fletching
18:22 Gold Mining
17:59 Crossbowman
22:29 Bodkin Arrow
25:01 Padded Archer Armor
27:39 Thumb Ring
32:00 Leather Archer Armor
33:21 Ballistics
35:06 Horse Collar
36:31 Masonry
37:36 Wheelbarrow
36:46 Town Watch
38:22 Town Watch
39:57 Heavy Plow
41:19 Gold Mining
41:19 Stone Mining
42:37 Hand Cart
42:22 Town Patrol
45:40 Gold Shaft Mining
45:41 Stone Shaft Mining
48:14 Imperial Age
45:46 Town Patrol
46:41 Forging
46:33 Squires
46:18 Arson
45:53 Pikeman
46:35 Treadmill Crane
48:20 Iron Casting
47:45 Bracer
48:16 Ring Archer Armor
47:19 Arbalester
49:04 Chemistry
48:18 Halberdier
49:57 Crop Rotation
51:51 Blast Furnace
52:02 Murder Holes
52:12 Siege Engineers
52:46 Forced Levy
53:07 Conscription
52:14 Man-at-Arms
52:58 Long Swordsman
53:08 Capped Ram
RogerV
9:59 Feudal Age
14:22 Castle Age
13:12 Double-Bit Axe
13:57 Horse Collar
19:14 Fervor
21:40 Heavy Plow
22:10 Bow Saw
22:13 Light Cavalry
23:24 Bloodlines
23:18 Husbandry
23:46 Gold Mining
24:54 Wheelbarrow
25:32 Scale Barding Armor
25:44 Forging
27:23 Hand Cart
28:20 Chain Barding Armor
28:35 Iron Casting
30:35 Stone Mining
33:52 Imperial Age
31:52 Loom
32:46 Stone Shaft Mining
34:08 Cavalier
35:28 Plate Barding Armor
35:29 Paladin
46:20 Chemistry
46:15 Conscription
artemjunior
11:20 Feudal Age
14:52 Castle Age
12:49 Double-Bit Axe
13:07 Horse Collar
18:13 Bow Saw
19:51 Loom
21:59 Husbandry
24:09 Wheelbarrow
23:20 Town Watch
23:53 Bloodlines
24:05 Squires
32:34 Szlachta Privileges
33:11 Gold Mining
36:23 Imperial Age
34:35 Scale Barding Armor
34:41 Heavy Plow
35:48 Chain Barding Armor
35:19 Fletching
35:39 Forging
36:56 Cavalier
38:24 Iron Casting
37:44 Stone Mining
38:28 Hand Cart
39:04 Conscription
44:14 Blast Furnace
47:15 Light Cavalry
48:36 Bodkin Arrow
51:15 Winged Hussar
moor_samara
10:33 Feudal Age
15:29 Castle Age
14:35 Double-Bit Axe
15:25 Stone Mining
15:27 Horse Collar
18:41 Loom
35:32 Wheelbarrow
34:44 Town Watch
34:50 Town Watch
38:54 Crossbowman
39:38 Gold Mining
45:09 Imperial Age
45:28 Arbalester
48:13 Fletching
48:24 Padded Archer Armor
50:51 Gold Shaft Mining
50:45 Ballistics
50:55 Heavy Plow
51:15 Hand Cart
52:36 Chemistry
51:33 Bodkin Arrow
51:54 Leather Archer Armor
52:26 Conscription
52:48 Yeomen
52:42 Bracer
55:09 Bow Saw
55:49 Hoardings
55:27 Masonry
55:13 Murder Holes
54:59 Treadmill Crane
55:29 Fortified Wall
55:10 Heated Shot
55:26 Siege Engineers
Maple
9:30 Feudal Age
13:53 Castle Age
12:18 Double-Bit Axe
13:50 Horse Collar
21:05 Fletching
23:03 Crossbowman
24:29 Padded Archer Armor
27:02 Ballistics
31:08 Imperial Age
30:03 Wheelbarrow
29:14 Loom
29:26 Stone Mining
29:49 Bow Saw
30:23 Heavy Plow
32:11 Stone Shaft Mining
31:29 Gold Mining
33:09 Chemistry
32:10 Bodkin Arrow
32:55 Bracer
34:18 Hand Cart
35:03 Leather Archer Armor
36:08 Silk Road
37:02 Caravan
38:56 Hoardings
37:45 Elite Genoese Crossbowman
38:51 Town Watch
41:16 Hoardings
41:45 Town Patrol
43:53 Two-Man Saw
43:46 Ring Archer Armor
43:41 Thumb Ring
44:02 Fortified Wall
44:45 Conscription
46:34 Treadmill Crane
47:22 Masonry
48:41 Murder Holes
49:16 Architecture
50:48 Coinage
Speechless
12:11 Feudal Age
12:04 Loom
15:57 Castle Age
13:42 Horse Collar
13:53 Double-Bit Axe
14:18 Horse Collar
14:57 Gold Mining
16:33 Scale Barding Armor
16:18 Loom
17:38 Chain Barding Armor
17:25 Heavy Plow
21:46 Forging
22:35 Bloodlines
23:57 Iron Casting
24:55 Wheelbarrow
27:26 Town Watch
28:09 Pikeman
29:08 Hand Cart
36:21 Imperial Age
33:56 Husbandry
35:01 Bow Saw
37:22 Gold Shaft Mining
36:37 Stone Mining
37:41 Plate Barding Armor
36:30 Cavalier
36:50 Light Cavalry
39:18 Blast Furnace
39:19 Pikeman
39:47 Paladin
40:31 Squires
40:32 Scale Mail Armor
41:32 Chain Mail Armor
40:39 Halberdier
43:01 Fletching
47:37 Ballistics
51:09 Light Cavalry
53:53 Bodkin Arrow
55:00 Chemistry
54:11 Masonry
Lord_Wilfredo
11:02 Feudal Age
11:56 Loom
14:32 Castle Age
13:16 Double-Bit Axe
15:39 Bow Saw
23:39 Town Watch
30:12 Imperial Age
29:35 Scale Barding Armor
30:38 Wheelbarrow
30:54 Chain Barding Armor
30:25 Cavalier
33:05 Plate Barding Armor
34:42 Forging
38:17 Pikeman
NPChinh
Connection lost

Rejoining the realm…

Still unreachable

The connection could not be restored.

Session expired

The server has moved on; the page needs a fresh start.